AoeStats
← MatzeAoE

MegaRandom

505473713Analyzed
1v1 RM · 24d ago on Sep 9, 2026· 45m 4s· 2 players
Game mode
Random Map
Map size
Tiny (2 player)
Population
200
Speed
Normal
Resources
Standard
Victory
Conquest
Starting age
Dark Age
Ending age
Imperial Age
RankedLock teamsTeams togetherTeam positionsShared explorationLock speedFull tech treeHidden civsTurbo modeCheats
Victory
Defeat
🇩🇪 Bengalis · Germany
2053
+11
🇩🇪 Persians · Germany
1935
-11
MatzeAoE
7:22 Loom
10:28 Feudal Age
10:59 Double-Bit Axe
13:21 Town Watch
18:48 Castle Age
16:46 Fishing Lines
19:58 Bow Saw
21:23 Gold Mining
22:20 Gillnets
25:28 Imperial Age
23:35 Wheelbarrow
23:58 Stone Mining
26:18 Horse Collar
27:21 Heavy Plow
29:18 Medium Warships
29:47 Atonement
30:03 Town Patrol
30:55 Conscription
31:00 Mahayana
30:19 Pikeman
31:05 Scale Mail Armor
31:15 Forging
31:48 Halberdier
32:59 Squires
34:22 Chemistry
35:59 Chain Mail Armor
36:20 Iron Casting
36:04 Elite Cannon Galleon
37:54 Ballistics
38:47 Blast Furnace
38:27 Heavy Warships
38:31 Shipwright
38:41 Fletching
39:54 Blast Furnace
40:12 Bodkin Arrow
41:27 Bracer
43:06 Husbandry
43:18 Bloodlines
44:25 Two-Man Saw
44:53 Siege Engineers
45:34 Padded Archer Armor
45:39 Scale Barding Armor
Caphalor
10:20 Feudal Age
8:37 Loom
11:17 Double-Bit Axe
16:43 Castle Age
14:48 Horse Collar
15:48 Bloodlines
16:16 Scale Barding Armor
17:31 Bow Saw
22:34 Wheelbarrow
24:23 Gold Mining
24:40 Heavy Plow
24:33 Stone Mining
28:08 Imperial Age
26:24 Husbandry
27:30 Chain Barding Armor
27:56 Hand Cart
27:47 Cavalier
28:57 Forging
30:19 Gold Shaft Mining
30:30 Plate Barding Armor
30:47 Savar
32:53 Iron Casting
32:28 Town Watch
34:07 Conscription
33:59 Fletching
34:10 Padded Archer Armor
35:11 Chemistry
34:42 Bodkin Arrow
35:36 Ballistics
34:49 Heavy Cavalry Archer
35:54 Parthian Tactics
37:03 Crossbowman
37:51 Kamandaran
38:04 Clinker Construction
38:06 Masonry
38:13 Leather Archer Armor
38:25 Thumb Ring
41:47 Light Cavalry
43:29 Blast Furnace
42:59 Ring Archer Armor
42:57 Hussar
Connection lost

Rejoining the realm…

Still unreachable

The connection could not be restored.

Session expired

The server has moved on; the page needs a fresh start.